 Dungeon Crawl Stone Soup version 0.29-a0-845-g6161e89988 (webtiles) character file.

Game seed: 1044136696566026606

17513 jlumianski the Basher (level 12, -14/85 HPs)
             Began as a Demonspawn Fighter on July 15, 2022.
             Was an Elder of Hepliaklqana.
             Demolished by a boulder beetle (41 damage)
             ... on level 12 of the Dungeon.
             The game lasted 00:50:14 (13632 turns).

jlumianski the Basher (Demonspawn Fighter)         Turns: 13632, Time: 00:50:15

Health: -14/85     AC: 20    Str: 21    XL:     12   Next: 19%
Magic:  16/16      EV: 11    Int: 11    God:    Hepliaklqana [****..]
Gold:   488        SH:  9    Dex: 12    Spells: 11/11 levels left

rFire   . . .      SeeInvis .   m - +7 mace of Objectivity {protect, rElec rC- rN+ Will+}
rCold   x . .      Faith    +   c - +0 buckler
rNeg    + . .      Spirit   .   F - +1 scale mail {rPois}
rPois   +          Reflect  .   (helmet restricted)
rElec   +          Harm     .   w - scarf {+Inv}
rCorr   .          Rampage  ∞   (gloves unavailable)
Will    +....                   G - +3 pair of seven-league boots {Rampage+∞}
Stlth   +.........              p - amulet of faith
HPRegen 0.24/turn               (no ring)
MPRegen 0.15/turn               (no ring)

@: under a protective aura, studying Fighting
A: reduced essence, claws 3, hooves 2, horns 1, foul stench 1, condensation
shield
a: Renounce Religion, Evoke Invisibility, Recall Ancestor, Ancestor Identity,
Transference, Idealise


You were on level 12 of the Dungeon.
You worshipped Hepliaklqana.
Hepliaklqana was greatly pleased with you.
You visited 2 branches of the dungeon, and saw 13 of its levels.

You collected 725 gold pieces.
You spent 237 gold pieces at shops.

Inventory:

Hand Weapons
 m - the +7 mace of Objectivity (weapon) {protect, rElec rC- rN+ Will+}
   (You found it on level 2 of the Dungeon)

   It grants its wielder temporary protection when it strikes (+7 to AC).
   rC:        It makes you vulnerable to cold.
   rElec:     It insulates you from electricity.
   rN:        It protects you from negative energy.
   Will:      It increases your willpower.
 L - a +5 sling of freezing
 M - a +8 battleaxe
 S - a +6 war axe
Missiles
 n - 48 poisoned darts (quivered)
 C - 5 boomerangs
Armour
 b - a +2 chain mail of positive energy
 c - a +0 buckler (worn)
 o - a +2 pair of gloves
 u - a +1 cloak
 w - a scarf of invisibility (worn)
 F - a +1 scale mail of poison resistance (worn)
 G - the +3 pair of seven-league boots (worn) {Rampage+∞}
   (You acquired it on level 4 of the Dungeon)

   Its wearer moves as far as possible in that direction when moving towards
   enemies.
Jewellery
 l - a ring of protection from cold
 p - an amulet of faith (around neck)
 I - a ring of ice
 K - a +6 ring of intelligence
Wands
 q - a wand of iceblast (7)
 E - a wand of quicksilver (8)
Scrolls
 a - 2 scrolls of teleportation
 i - a scroll of fear
 D - a scroll of fog
 T - 2 scrolls of identify
Potions
 d - 2 potions of might
 e - a potion of cancellation
 f - a potion of haste
 k - a potion of invisibility
 t - 2 potions of flight
 A - 6 potions of curing
 J - 3 potions of attraction


   Skills:
 + Level 9.1 Fighting
 - Level 1.8(8.2) Axes
 * Level 12.4(12.5) Maces & Flails
 + Level 1.8 Throwing
 + Level 7.1 Armour
 + Level 3.9 Dodging
 + Level 2.5 Stealth
 + Level 6.8 Shields
 * Level 6.2 Invocations
 * Level 5.0 Evocations


You had 11 spell levels left.
You didn't know any spells.
Your spell library contained the following spells:

 Spells                   Type           Power      Damage    Failure   Level
 Apportation              Tloc           0%         N/A       73%         1
 Necrotise                Necr           0%         1d4       73%         1
 Sandblast                Erth           0%         2d4       73%         1
 Sting                    Tmut/Pois      0%         1d3       73%         1
 Summon Small Mammal      Summ           0%         N/A       73%         1
 Passwall                 Tmut/Erth      0%         N/A       86%         2
 Poisonous Vapours        Pois/Air       0%         N/A       86%         2
 Confusing Touch          Hex            0%         N/A       97%         3
 Frozen Ramparts          Ice            0%         1d2       97%         3
 Gell's Gravitas          Tloc           0%         N/A       97%         3
 Lesser Beckoning         Tloc           0%         N/A       97%         3
 Stone Arrow              Conj/Erth      0%         3d7       97%         3
 Teleport Other           Tloc           0%         N/A       97%         3
 Vampiric Draining        Necr           0%         2d6       97%         3
 Ice Form                 Ice/Tmut       0%         N/A       100%        4
 Iskenderun's Mystic Bla  Conj/Tloc      0%         2d3       100%        4
 Olgreb's Toxic Radiance  Pois           0%         N/A       100%        4
 Summon Ice Beast         Ice/Summ       0%         N/A       100%        4
 Agony                    Necr           0%         N/A       100%        5
 Freezing Cloud           Conj/Ice/Air   0%         6-21      100%        5
 Iskenderun's Battlesphe  Conj           0%         2d6       100%        5
 Yara's Violent Unravell  Hex/Tmut       0%         3d3       100%        5
 Dispersal                Tloc           0%         N/A       100%        6
 Iron Shot                Conj/Erth      0%         9d1       100%        6
 Enfeeble                 Hex            0%         N/A       100%        7
 Malign Gateway           Summ/Tloc      0%         N/A       100%        7
 Spellforged Servitor     Conj/Summ      0%         N/A       100%        7


Dungeon Overview and Level Annotations

Branches:
Dungeon (12/15)            Temple (1/1) D:6            Lair (0/6) D:11
    Orc (0/2) D:10

Altars:
Ashenzari
Cheibriados
Dithmenos
Fedhas
Gozag
Hepliaklqana
Kikubaaqudgha
Makhleb
Nemelex Xobeh
Okawaru
Qazlal
Ru
Sif Muna
Trog
Uskayaw
Vehumet
Wu Jian
Xom
Yredelemnul

Shops:
D:8 *   D:11 (

Annotations:
D:10 2 transporters, zhov's ghost, journeyman DEHu


Innate Abilities, Weirdness & Mutations

Your life essence is reduced to manifest your ancestor. (-10% HP)
You have claws for hands.
You have hoof-like feet.
You have a pair of small horns on your head.
You may rarely emit foul miasma when damaged in melee.
A meltable shield of frost defends you. (SH +4)


Message History

The boulder beetle is moderately wounded.
The boulder beetle bites you but does no damage.
You hit the boulder beetle but do no damage.
The boulder beetle is moderately wounded.
You block the boulder beetle's attack.
You hit the boulder beetle but do no damage.
The boulder beetle is moderately wounded.
The boulder beetle barely misses you.
You hit the boulder beetle but do no damage.
You headbutt the boulder beetle, but do no damage.
The boulder beetle is moderately wounded.
You hit the boulder beetle.
The boulder beetle is moderately wounded.
The boulder beetle bites you but does no damage.
You sock the boulder beetle!
The boulder beetle is heavily wounded.
The boulder beetle barely misses you.
You hit the boulder beetle.
You headbutt the boulder beetle, but do no damage.
The boulder beetle is heavily wounded.
You block the boulder beetle's attack.
You hit the boulder beetle but do no damage.
The boulder beetle is heavily wounded.
The boulder beetle leaps!
You stride towards the boulder beetle!
You hit the boulder beetle but do no damage.
Your headbutt misses the boulder beetle.
The boulder beetle is heavily wounded.
The boulder beetle barely misses you.
You hit the boulder beetle. You headbutt the boulder beetle!
The boulder beetle is severely wounded.
You hit the boulder beetle but do no damage.
You headbutt the boulder beetle!
The boulder beetle is severely wounded.
The boulder beetle leaps!
The boulder beetle curls into a ball and begins rolling!
You stride towards the boulder beetle!
You barely miss the boulder beetle.
The boulder beetle is severely wounded.
The boulder beetle hits you!!!
You die...

############# ######
#..(......=.# #.....
#...........# #.#...
#..!........# #.#.##
#...........# #.#.#
#...°°B@....# #.#.#
#..........(#######.#.##
.......!...°(.(.)....>#.
#...........#######.#.#.
###.######### #.#... #.
#.#.## # #..... ###.##
#.#


You could see a boulder beetle (rolling).

Vanquished Creatures
  A hydra (D:11)
  2 two-headed ogres
  A catoblepas (D:8)
  Nergalle (D:12)
  A wizard (D:10)
  Pikel (D:4)
  A cyclops (D:11)
  2 manticores
  A gargoyle (D:11)
  Maggie (D:6)
  A kobold demonologist (D:11)
  3 trolls
  Grinder (D:3)
  A vampire (D:9)
  A shadow (D:11)
  2 wyverns
  15 yaks
  4 vampire mosquitoes (D:12)
  An acid dragon (D:12)
  2 water moccasins
  7 orc warriors
  2 ogres
  4 centaurs
  3 kobold brigands
  5 bullfrogs
  A necrophage (D:4)
  4 scorpions
  7 wights
  7 killer bees
  7 howler monkeys
  4 jellies
  5 hounds
  An orc priest (D:10)
  3 iguanas
  6 orc wizards
  2 human simulacra (D:10)
  6 adders
  2 shadow imps
  An ufetubus (D:6)
  A worm (D:5)
  A dart slug (D:2)
  33 orcs
  5 ball pythons
  6 endoplasms
  3 giant cockroaches (D:4)
  10 goblins
  2 hobgoblins
  6 jackals (D:3)
  5 bats
  A frilled lizard (D:3)
  17 kobolds
  4 rats
214 creatures vanquished.

Vanquished Creatures (collateral kills)
  Joseph (D:9)
  2 gargoyles
  3 komodo dragons
  A troll (D:10)
  2 wraiths
  7 yaks
  A steam dragon (D:10)
  An acid dragon (D:11)
  2 orc warriors
  A wight (D:8)
  An orc priest (D:10)
  4 orc wizards
  6 orcs
  A kobold (D:9)
33 creatures vanquished.

Vanquished Creatures (others)
  3 ancestors (D:8)
  7 battlemagi
  5 plants (D:2)
15 creatures vanquished.

Grand Total: 262 creatures vanquished

Notes
Turn   | Place    | Note
-------+----------+-------------------------------------------
     0 | D:1      | jlumianski the Demonspawn Fighter began the quest for the
                  | Orb.
     0 | D:1      | Reached XP level 1. HP: 18/18 MP: 1/1
   735 | D:1      | Discovered your monstrous ancestry.
   735 | D:1      | Gained mutation: You have large cloven feet. [demonic
                  | ancestry]
   735 | D:1      | Reached XP level 2. HP: 24/24 MP: 2/2
   791 | D:2      | Identified the +7 mace of Objectivity {protect, rElec rC-
                  | rN+ Will+}
  1239 | D:2      | Gained mutation: You may rarely emit foul miasma when
                  | damaged in melee. [demonic ancestry]
  1239 | D:2      | Reached XP level 3. HP: 25/29 MP: 3/3
  1250 | D:2      | Found a faded altar of an unknown god.
  1877 | D:3      | Gained mutation: You have a pair of small horns on your
                  | head. [demonic ancestry]
  1877 | D:3      | Reached XP level 4. HP: 30/35 MP: 4/4
  1926 | D:3      | Reached skill level 1 in Maces & Flails
  2141 | D:3      | Noticed Grinder
  2148 | D:4      | Noticed an orc warrior
  2148 | D:4      | Noticed a scorpion
  2167 | D:4      | Killed a scorpion
  2168 | D:4      | Reached skill level 2 in Maces & Flails
  2168 | D:4      | Reached XP level 5. HP: 36/42 MP: 5/5
  2174 | D:4      | Reached skill level 1 in Dodging
  2288 | D:3      | Killed Grinder
  2289 | D:3      | Reached skill level 3 in Maces & Flails
  2289 | D:3      | Reached XP level 6. HP: 34/48 MP: 6/6
  2570 | D:3      | Killed an orc warrior
  2571 | D:3      | Reached skill level 4 in Maces & Flails
  2571 | D:3      | Gained mutation: A meltable shield of frost defends you.
                  | (SH +4) [demonic ancestry]
  2571 | D:3      | Reached XP level 7. HP: 32/54 MP: 7/7
  2746 | D:5      | Entered Level 5 of the Dungeon
  3218 | D:5      | Noticed Pikel
  3225 | D:4      | Killed Pikel
  3226 | D:4      | Reached skill level 5 in Maces & Flails
  3226 | D:4      | Reached skill level 1 in Stealth
  3226 | D:4      | Gained mutation: You have sharp fingernails. [demonic
                  | ancestry]
  3226 | D:4      | Reached XP level 8. HP: 51/61 MP: 8/8
  3290 | D:4      | Found a shimmering altar of Xom.
  3447 | D:4      | Found a blossoming altar of Fedhas.
  3452 | D:4      | Found a transporter.
  3468 | D:4      | Found a transporter.
  3530 | D:4      | Reached skill level 6 in Maces & Flails
  3605 | D:4      | Identified 2 scrolls of acquirement
  3605 | D:4      | Acquired the +3 pair of seven-league boots {Rampage+∞}
  3605 | D:4      | Found the +3 pair of seven-league boots {Rampage+∞}
  3612 | D:4      | Acquired a manual of Fighting
  3982 | D:5      | Got Vizxyhurgh's Directory of Direction and the Snowflakes
  4049 | D:5      | Reached skill level 1 in Throwing
  4067 | D:5      | Reached skill level 5 in Fighting
  4089 | D:5      | Reached skill level 7 in Maces & Flails
  4106 | D:5      | Reached XP level 9. HP: 52/69 MP: 9/9
  4751 | D:5      | Reached skill level 8 in Maces & Flails
  4880 | D:5      | Found a burning altar of Makhleb.
  5047 | D:6      | Found an ornate altar of the Wu Jian Council.
  5099 | D:6      | Noticed Maggie
  5209 | D:6      | Killed Maggie
  5210 | D:6      | Reached skill level 9 in Maces & Flails
  5636 | D:6      | Found a staircase to the Ecumenical Temple.
  5800 | Temple   | Entered the Ecumenical Temple
  6005 | Temple   | Became a worshipper of Hepliaklqana the Forgotten
  6425 | D:6      | Reached skill level 5 in Armour
  6557 | D:7      | Found a snail-covered altar of Cheibriados.
  6568 | D:7      | Reached skill level 5 in Shields
  6965 | D:7      | Reached * piety under Hepliaklqana
  6996 | D:7      | Gained mutation: You have very sharp fingernails. [demonic
                  | ancestry]
  6996 | D:7      | Reached XP level 10. HP: 71/71 MP: 10/10
  7329 | D:8      | Reached skill level 1 in Evocations
  7362 | D:8      | Reached skill level 10 in Maces & Flails
  7372 | D:8      | Noticed a catoblepas
  7407 | D:8      | Killed a catoblepas
  8185 | D:8      | Found an iron altar of Okawaru.
  8189 | D:8      | Found a broken altar of Ashenzari.
  8220 | D:8      | Found Afefaol's Assorted Antiques.
  8229 | D:8      | Bought a jade ring for 155 gold pieces
  8229 | D:8      | Bought a ruby potion for 27 gold pieces
  8229 | D:8      | Bought 2 bubbling silvery potions for 55 gold pieces
  8462 | D:9      | Found a radiant altar of Vehumet.
  8577 | D:9      | Reached skill level 1 in Invocations
  8677 | D:9      | Noticed a manticore
  8694 | D:9      | Killed a manticore
  9037 | D:9      | Found a stormy altar of Qazlal.
  9217 | D:9      | Reached ** piety under Hepliaklqana
  9218 | D:9      | Remembered your ancestor Tlaloc as a battlemage
  9228 | D:9      | Noticed Joseph
  9332 | D:9      | Killed Joseph
  9333 | D:9      | Reached skill level 11 in Maces & Flails
  9597 | D:9      | Gained mutation: You have hoof-like feet. [demonic
                  | ancestry]
  9597 | D:9      | Reached XP level 11. HP: 78/78 MP: 13/13
  9896 | D:10     | Entered Level 10 of the Dungeon
  9917 | D:10     | Found an ancient bone altar of Kikubaaqudgha.
 10072 | D:10     | Noticed a wizard
 10077 | D:10     | Killed a wizard
 10350 | D:10     | Reached *** piety under Hepliaklqana
 10481 | D:10     | Found a transporter.
 10481 | D:10     | Identified the +6 great mace of the Shimmering Gods {flame,
                  | rPois rC+ rCorr}
 10481 | D:10     | Identified the +2 dire flail of Putrescence {venom, rC+}
 10481 | D:10     | Noticed a two-headed ogre
 10482 | D:10     | Noticed zhov's ghost (journeyman DEHu)
 10482 | D:10     | Noticed a two-headed ogre
 10484 | D:10     | Noticed a two-headed ogre
 10547 | D:10     | Found a transporter.
 10549 | D:10     | Noticed a two-headed ogre
 10926 | D:10     | Found a staircase to the Orcish Mines.
 11490 | D:11     | Noticed an eight-headed hydra
 11492 | D:11     | Reached skill level 5 in Invocations
 11919 | D:11     | Found a staircase to the Lair.
 11966 | D:11     | Killed an eight-headed hydra
 11967 | D:11     | Reached skill level 12 in Maces & Flails
 12395 | D:11     | Noticed a two-headed ogre
 12409 | D:11     | Killed a two-headed ogre
 12424 | D:11     | Reached **** piety under Hepliaklqana
 12615 | D:11     | Found Qijel's Weapon Boutique.
 13100 | D:12     | Noticed Nergalle
 13117 | D:12     | Killed Nergalle
 13118 | D:12     | Gained mutation: You have claws for hands. [demonic
                  | ancestry]
 13118 | D:12     | Reached XP level 12. HP: 85/85 MP: 16/16
 13579 | D:12     | Noticed a two-headed ogre
 13591 | D:12     | Killed a two-headed ogre
 13592 | D:12     | Reached skill level 5 in Evocations
 13594 | D:12     | Noticed a boulder beetle
 13632 | D:12     | Demolished by a boulder beetle

Illustrated notes

Levels and vault maps discovered:
D:1:      lemuel_arrival_hallway, layout_loops_ring, corexii_corridor_pit,
          amethyst_killhole, roderic_roman_lattice, nrook_campfire
D:2:      layout_rooms, dilly_ecumenical_altar_fadedgnrine, minivault_14
D:3:      layout_basic, chequers_mini_garden, uniq_grinder
D:4:      layout_basic, kennysheep_mini, gammafunk_temple_overflow_arena,
          kennysheep_small_spiral
D:5:      layout_basic, makhleb_heckhound_becter,
          minmay_misc_feat_secret_circle, nicolae_figureground_pulse, uniq_pikel
D:6:      layout_basic, mainiacjoe_overflow_brackets,
          minmay_temple_entry_nine_rooms, uniq_maggie
D:7:      layout_loops_cross, overflow_temple_1_default, palyth_stone_intersect
D:8:      layout_basic, grunt_temple_overflow_diamond, serial_shops, shop
D:9:      layout_loops_cross, mainiacjoe_overflow_24_doors,
          nicolae_qazlal_eye_of_the_storm, uniq_joseph
D:10:     minmay_thick_lines, layout_stronghold,
          nicolae_kikubaaqudgha_miasma_corner, erik_orc_2,
          gammafunk_ghost_smash, bh_circular_ruins
D:11:     layout_cave_pods, lair_entry_dummy, serial_shops, shop
D:12:     layout_basic, uniq_nergalle
Temple:   bh_familiar_temple

Skill      XL: |  1  2  3  4  5  6  7  8  9 10 11 12 |
---------------+-------------------------------------+-----
Armour         | 3 4 5 6 7 |  7.1
Shields        | 3 4 5 6 |  6.8
Maces & Flails | 2 3 4 5 7 9 11 12 | 12.4
Dodging        | 1 2 3 |  3.9
Fighting       | 4 5 7 8 9 |  9.1
Stealth        | 1 2 |  2.5
Throwing       | 1 |  1.8
Evocations     | 3 4 5 |  5.0
Invocations    | 3 5 6 |  6.2
Axes           | |  1.8

Action                   |  1- 3 |  4- 6 |  7- 9 | 10-12 || total
-------------------------+-------+-------+-------+-------++-------
Melee: War axe           |    13 |       |       |       ||    13
       Mace              |    56 |    55 |   248 |   388 ||   747
       Kick              |    15 |    16 |    14 |       ||    45
       Headbutt          |       |     6 |    44 |    92 ||   142
Throw: Dart              |     1 |     1 |     2 |     7 ||    11
Invok: Recall Ancestor   |       |       |       |     2 ||     2
       Ancestor Life: Ba |       |       |       |     1 ||     1
Evoke: Wand              |       |     2 |       |     4 ||     6
  Use: Scroll            |       |     6 |    11 |     8 ||    25
       Potion            |       |       |     2 |     7 ||     9
 Stab: Petrified         |       |       |       |     4 ||     4
Armor: Scale mail        |    36 |    22 |   104 |   171 ||   333
Dodge: Dodged            |    32 |    27 |    86 |   160 ||   305
Block: Buckler           |    16 |    10 |   104 |   148 ||   278

Table legend: (Time is in decaauts)
 A = Elapsed time spent in this place.
 B = Non-inter-level travel time spent in this place.
 C = Inter-level travel time spent in this place.
 D = Time resting spent in this place.
 E = Time spent auto-exploring this place.
 F = Levels seen in this place.
 G = Mean time per level.
                   A        B        C        D        E       F      G
               +--------+--------+--------+--------+--------+-----+--------+
         Total |  13658 |  13335 |    323 |   2033 |   7794 |  13 | 1050.6 |
       Dungeon |  13425 |  13103 |    322 |   2033 |   7640 |  12 | 1118.8 |
        Temple |    232 |    232 |      0 |      0 |    154 |   1 |  232.0 |
               +--------+--------+--------+--------+--------+-----+--------+

Top non-repeatable levels by time:
    D:10: 1680 daAuts
     D:9: 1516 daAuts
    D:11: 1381 daAuts
     D:5: 1366 daAuts
     D:4: 1311 daAuts
     D:8: 1135 daAuts
     D:2: 935 daAuts
     D:6: 929 daAuts
     D:3: 884 daAuts
     D:7: 860 daAuts
     D:1: 781 daAuts
    D:12: 643 daAuts
  Temple: 232 daAuts
